[Event "Early-Titled-Tuesday-Blitz-March-26-2024"]
[Site "Chess.com"]
[Date "2024.03.26"]
[Round "4"]
[White "atalz0"]
[Black "ketster"]
[Result "0-1"]
[WhiteElo "2380"]
[BlackElo "2575"]
[TimeControl "180+1"]
[EndTime "8:34:43 PDT"]
[Termination "ketster won by resignation"]

1. d4 d5 2. c4 e6 3. Nc3 c5 4. cxd5 cxd4 5. Qa4+ Bd7 6. Qxd4 exd5 7. Qxd5 Nf6 8. Qd1 Bb4 9. Nf3 O-O 10. Bg5 Qb6 11. e3 Ne4 12. Qc2 Nxc3 13. bxc3 Rc8 14. Rd1 Rxc3 0-1

[Event "Early-Titled-Tuesday-Blitz-March-26-2024"]
[Site "Chess.com"]
[Date "2024.03.26"]
[Round "4"]
[White "Andrei_Skvortsov"]
[Black "chess123456s"]
[Result "1-0"]
[WhiteElo "2730"]
[BlackElo "2552"]
[TimeControl "180+1"]
[EndTime "8:34:52 PDT"]
[Termination "Andrei_Skvortsov won by resignation"]

1. e4 g6 2. d4 Bg7 3. h3 d5 4. exd5 Qxd5 5. Nf3 Nc6 6. c4 Qe4+ 7. Be3 Nf6 8. Bd3 Qe6 9. d5 Nxd5 10. cxd5 Qxd5 11.
Nc3 Qa5 12. O-O O-O 13. Qc1 Rd8 14. Be2 Bf5 15. a3 Bd3 16. Bxd3 Rxd3 17. Rd1 Rxd1+ 18.
Nxd1 Ne5 19. Nxe5 Qe1+ 20. Kh2 Bxe5+ 21. f4 Bd6 22. Nc3 Qh4 23. Ne4 Bxf4+ 24. Bxf4 1-0

[Event "Early-Titled-Tuesday-Blitz-March-26-2024"]
[Site "Chess.com"]
[Date "2024.03.26"]
[Round "4"]
[White "tetrix83"]
[Black "lagunanivaria"]
[Result "1-0"]
[WhiteElo "2627"]
[BlackElo "2458"]
[TimeControl "180+1"]
[EndTime "8:34:59 PDT"]
[Termination "tetrix83 won by resignation"]

1. e4 c6 2. d4 d5 3. exd5 cxd5 4.
Bd3 Nc6 5. c3 Nf6 6. h3 g6 7.
Nf3 Bf5 8. Be2 Bg7 9. O-O O-O 10. Bf4 Re8 11. Re1 Ne4 12. Nh4 Bd7 13. Nf3 Bf5 14.
Nbd2 Nxd2 15. Qxd2 Be4 16. Ng5 Bf5 17. g4 Bd7 18. Nf3 a6 19. Bd3 b5 20. Re2 Qb6 21. a3 a5 22. Ne5 Nxe5 23. Bxe5 Bxe5 24. Rxe5 Rab8 25. Rae1 Qd6 26. Qh6 b4 27. Rh5 e6 28.
Qxh7+ Kf8 29. Bxg6 Qf4 30. Rf5 1-0

[Event "Early-Titled-Tuesday-Blitz-March-26-2024"]
[Site "Chess.com"]
[Date "2024.03.26"]
[Round "4"]
[White "Golubovsky"]
[Black "MightyGMpretender"]
[Result "0-1"]
[WhiteElo "2519"]
[BlackElo "2769"]
[TimeControl "180+1"]
[EndTime "8:35:07 PDT"]
[Termination "MightyGMpretender won by resignation"]

1. c4 Nf6 2. Nc3 e6 3. g3 d5 4. d4 dxc4 5. Bg2 Nbd7 6. Qa4 c5 7. dxc5 Bxc5 8. Qxc4 O-O 9. Nf3 a6 10. O-O Qc7 11.
Bf4 Bxf2+ 12. Rxf2 Qxc4 13. Nd2 Qb4 14. Rb1 Ng4 15.
Rf3 e5 16. Be3 Nxe3 17. Rxe3 Qd4 18. Nf1 Nf6 19. Rd1 Qa7 20. Kh1 Be6 21. h3 Rad8 22. Re1 Nd5 23. Rxe5 Nxc3 24. bxc3 Qf2 25. Rb1 Qf6 26.
Rc5 Bxa2 27. Rxb7 Rd1 28. Kg1 g6 29. Bf3 Qd6 30. Rc6 Qd2 31. Kg2 Qe1 0-1

[Event "Early-Titled-Tuesday-Blitz-March-26-2024"]
[Site "Chess.com"]
[Date "2024.03.26"]
[Round "4"]
[White "WiktoriaPOL"]
[Black "Davidalhesa2007"]
[Result "1-0"]
[WhiteElo "2270"]
[BlackElo "1864"]
[TimeControl "180+1"]
[EndTime "8:35:07 PDT"]
[Termination "WiktoriaPOL won by checkmate"]

1. c4 Nf6 2. Nc3 e6 3. e4 d5 4. e5 d4 5. exf6 dxc3 6. bxc3 Qxf6 7. d4 h6 8. Nf3 Bd7 9. Bd3 Bd6 10. O-O c6 11.
Re1 O-O 12. Bc2 b5 13. Qd3 g6 14. Bxh6 Re8 15. Bg5 Qg7 16. cxb5 cxb5 17. Nd2 Nc6 18. Ne4 Be7 19. Qg3 Bxg5 20. Qxg5 Kf8 21. Nf6 Red8 22.
Be4 Rac8 23. Bxc6 Bxc6 24. Qc5+ Rd6 25. Qxd6# 1-0

[Event "Early-Titled-Tuesday-Blitz-March-26-2024"]
[Site "Chess.com"]
[Date "2024.03.26"]
[Round "4"]
[White "Better_Chess_Faster"]
[Black "Khromkin"]
[Result "0-1"]
[WhiteElo "2162"]
[BlackElo "2427"]
[TimeControl "180+1"]
[EndTime "8:35:12 PDT"]
[Termination "Khromkin won by checkmate"]

1. e4 c5 2. Nf3 Nc6 3. d4 cxd4 4. Nxd4 g6 5. Nc3 Bg7 6. Be3 Nf6 7. Bc4 O-O 8. Bb3 a5 9. a4 Ng4 10. Nxc6 Nxe3 11. Nxd8 Nxd1 12. Rxd1 Bxc3+ 13. bxc3 Rxd8 14. e5 Ra6 15. O-O Rc6 16. Rd5 b6 17. Rfd1 Rxc3 18. Rb5 Rc6 19. f4 d6 20. e6 Bxe6 21. Bxe6 fxe6 22. Rdb1 Rxc2 23. Rxb6 Rc4 24. Rb7 Kf7 25. Ra7 Rxa4 26. Rbb7 Re8 27. Rb5 Rxf4 28. Raxa5 Rc8 29. h3 Rc2 30. Rb7 Rff2 31. Raa7 Rxg2+ 32. Kf1 Rgf2+ 33. Kg1 Rfd2 34. Rxe7+ Kf6 35. Rf7+ Ke5 36. Rf1 Rg2+ 37. Kh1 Rh2+ 38. Kg1 Rcg2# 0-1

[Event "Early-Titled-Tuesday-Blitz-March-26-2024"]
[Site "Chess.com"]
[Date "2024.03.26"]
[Round "4"]
[White "CFalcons8"]
[Black "Winner_7777"]
[Result "0-1"]
[WhiteElo "2400"]
[BlackElo "2581"]
[TimeControl "180+1"]
[EndTime "8:35:13 PDT"]
[Termination "Winner_7777 won by resignation"]

1. d4 d5 2. c4 e6 3. Nc3 c6 4. Nf3 dxc4 5. a4 Bb4 6. e3 b5 7. Bd2 a5 8. b3 Bxc3 9. Bxc3 b4 10. Bd2 c3 11. Bc1 Nf6 12. Bd3 O-O 13. Qc2 c5 14. O-O Bb7 15. dxc5 Nbd7 16. Rd1 Qc7 17. e4 Nxc5 18. e5 Nfe4 19. Re1 Nxd3 20. Qxd3 Rfd8 21.
Qc2 Nc5 22. Bg5 Bxf3 23. Bxd8 Rxd8 24. gxf3 Rd2 25. Qb1 Nd3 26. Rd1 c2 27. Rxd2 cxb1=Q+ 28. Rxb1 Nxe5 29. Rbd1 Nxf3+ 0-1

[Event "Early-Titled-Tuesday-Blitz-March-26-2024"]
[Site "Chess.com"]
[Date "2024.03.26"]
[Round "4"]
[White "Viktoker"]
[Black "rhwr"]
[Result "0-1"]
[WhiteElo "2514"]
[BlackElo "2318"]
[TimeControl "180+1"]
[EndTime "8:35:13 PDT"]
[Termination "rhwr won by resignation"]

1. e4 c5 2. Nf3 d6 3. d4 cxd4 4. Nxd4 Nf6 5. Nc3 e5 6. Ndb5 a6 7. Na3 b5 8. Nab1 Be7 9. a4 b4 10. Nd5 Bb7 11. Bc4 O-O 12. O-O Nxe4 13. Qg4 Nf6 14.
Nxf6+ Bxf6 15. Nd2 d5 16. Be2 Nc6 17. Nf3 e4 18.
Ng5 Bc8 19. Qh5 h6 20. Nh3 Re8 21. Bf4 Bxb2 22. Rad1 Be5 23. f3 Bxf4 24. Nxf4 Re5 25. Rxd5 Qxd5 26. Nxd5 Rxh5 27. fxe4 Re5 0-1

[Event "Early-Titled-Tuesday-Blitz-March-26-2024"]
[Site "Chess.com"]
[Date "2024.03.26"]
[Round "4"]
[White "Payyappat"]
[Black "forevery0ung"]
[Result "0-1"]
[WhiteElo "2536"]
[BlackElo "2730"]
[TimeControl "180+1"]
[EndTime "8:35:15 PDT"]
[Termination "forevery0ung won by resignation"]

1. e4 c6 2. d4 d5 3. Nc3 g6 4. Nf3 dxe4 5. Nxe4 Bg7 6. Be3 Nf6 7. Bd3 Nxe4 8. Bxe4 Nd7 9. Bd3 O-O 10. c3 e5 11. Qc2 exd4 12. cxd4 Qa5+ 13. Qc3 Qc7 14. O-O-O Nb6 15. Kb1 Nd5 16. Qd2 a5 17. h4 Nb4 18. Ka1 Be6 19. a3 c5 20. Rc1 b6 21.
axb4 axb4+ 22. Kb1 Qa7 23. b3 Qa1+ 24. Kc2 Ra2+ 25.
Kd1 Rxd2+ 26. Nxd2 Qa2 27. Ke2 cxd4 28. Ra1 Qxa1 29.
Rxa1 dxe3 30. Ra6 exd2 31. Rxb6 Bc3 0-1

[Event "Early-Titled-Tuesday-Blitz-March-26-2024"]
[Site "Chess.com"]
[Date "2024.03.26"]
[Round "4"]
[White "Veleamater"]
[Black "Suleyman_Chess06"]
[Result "0-1"]
[WhiteElo "2409"]
[BlackElo "2691"]
[TimeControl "180+1"]
[EndTime "8:35:25 PDT"]
[Termination "Suleyman_Chess06 won by resignation"]

1. g3 d5 2. Bg2 Nf6 3. d3 Bf5 4. Nf3 e6 5. O-O h6 6. h3 c6 7.
Nc3 Be7 8. Nd2 Nbd7 9. e4 Bh7 10. f4 dxe4 11. dxe4 O-O 12. a3 Qc7 13. Nb3 Rad8 14. Qe2 Nc5 15. Nxc5 Bxc5+ 16. Kh2 Bd4 17. Nd1 Rd7 18. g4 Rfd8 19. e5 Nd5 20. c3 Bb6 21.
Nf2 f6 22. c4 fxe5 23. cxd5 exf4 24. dxe6 f3+ 25. Kh1 fxe2 0-1

[Event "Early-Titled-Tuesday-Blitz-March-26-2024"]
[Site "Chess.com"]
[Date "2024.03.26"]
[Round "4"]
[White "KnightmareJoker"]
[Black "mertfelin"]
[Result "1-0"]
[WhiteElo "2301"]
[BlackElo "2419"]
[TimeControl "180+1"]
[EndTime "8:35:34 PDT"]
[Termination "KnightmareJoker won by resignation"]

1. e4 e5 2. Nf3 Nc6 3. d4 exd4 4.
Nxd4 Nf6 5. Nc3 Bb4 6. Nxc6 bxc6 7. Bd3 O-O 8. O-O d5 9. exd5 cxd5 10. h3 Be6 11.
Bg5 Be7 12. Ne2 h6 13. Bh4 Rb8 14. b3 Ne4 15. Bxe4 Bxh4 16. Bf3 Bf6 17. Rc1 c6 18. Nf4 Bf5 19. Bg4 Bh7 20. Nh5 Bg5 21. f4 Be7 22. f5 Bc5+ 23. Kh1 Qg5 24. f6 gxf6 25. Nxf6+ Kh8 26. Nd7 Bd6 27. Qd4+ f6 28. Nxb8 Bxb8 29. Rce1 Be5 30. Rxe5 1-0

[Event "Early-Titled-Tuesday-Blitz-March-26-2024"]
[Site "Chess.com"]
[Date "2024.03.26"]
[Round "4"]
[White "SlavenPastar"]
[Black "crescentmoon2411"]
[Result "0-1"]
[WhiteElo "2607"]
[BlackElo "2889"]
[TimeControl "180+1"]
[EndTime "8:35:36 PDT"]
[Termination "crescentmoon2411 won by resignation"]

1. Nf3 d5 2. g3 g6 3. Bg2 Bg7 4. d4 c6 5. Nbd2 Nd7 6. c4 Ngf6 7. O-O O-O 8. b3 a5 9. Bb2 Ne4 10. Nxe4 dxe4 11. Ng5 Nc5 12. Nxe4 Ne6 13. e3 c5 14. Qe2 cxd4 15. Rad1 Qb6 16. exd4 Nxd4 17. Qe3 e5 18.
Nc3 Bg4 19. Rd2 Rfe8 20. h3 Be6 21. Nd5 Qc5 22. Rfd1 a4 23. b4 Qxc4 24. Nb6 Qxb4 25. Nxa8 Rxa8 26. f4 a3 27. Bc3 Qc5 28. fxe5 Nf3+ 29.
Kf2 Qxe3+ 30. Kxe3 Nxd2 31. Rxd2 Bh6+ 32. Ke2 Bxd2 33.
Kxd2 Bxa2 34. Bxb7 Ra7 35. Be4 Be6 0-1

[Event "Early-Titled-Tuesday-Blitz-March-26-2024"]
[Site "Chess.com"]
[Date "2024.03.26"]
[Round "4"]
[White "the_chess_child"]
[Black "AGW2016"]
[Result "1-0"]
[WhiteElo "2864"]
[BlackElo "2545"]
[TimeControl "180+1"]
[EndTime "8:35:44 PDT"]
[Termination "the_chess_child won by resignation"]

1. e4 e5 2. Nf3 Nc6 3. d3 Nf6 4. g3 d5 5. exd5 Nxd5 6. Bg2 Be7 7. O-O O-O 8. Re1 f6 9. d4 exd4 10. Nxd4 Nxd4 11. Qxd4 Nb6 12. Qe4 Bd6 13. Nc3 c6 14.
Bf4 Bxf4 15. Qxf4 Re8 16. a4 a5 17. h4 Be6 18. Rad1 Qb8 19. Qd4 Qc7 20. Qc5 Nd7 21.
Nb5 Qb8 22. Qd6 Qxd6 23. Nxd6 Re7 24. Nf5 Ree8 25. Rxe6 Rxe6 26. Rxd7 1-0

[Event "Early-Titled-Tuesday-Blitz-March-26-2024"]
[Site "Chess.com"]
[Date "2024.03.26"]
[Round "4"]
[White "sokidze"]
[Black "GMAneta"]
[Result "1-0"]
[WhiteElo "2789"]
[BlackElo "2560"]
[TimeControl "180+1"]
[EndTime "8:35:46 PDT"]
[Termination "sokidze won by resignation"]

1. d4 Nf6 2. c4 c6 3. Nc3 d5 4.
cxd5 cxd5 5. Bf4 Nc6 6. e3 a6 7.
Be2 Bf5 8. Nf3 e6 9. Qb3 Bb4 10. Ne5 O-O 11. Nxc6 Bxc3+ 12. Qxc3 bxc6 13. O-O Qb6 14. f3 Rfc8 15. Rfc1 Nd7 16. Bd6 a5 17. a4 Ra7 18. b4 h6 19. b5 Nb8 20. Bc5 1-0

[Event "Early-Titled-Tuesday-Blitz-March-26-2024"]
[Site "Chess.com"]
[Date "2024.03.26"]
[Round "4"]
[White "Mikhail_Bryakin"]
[Black "Jospem"]
[Result "0-1"]
[WhiteElo "2856"]
[BlackElo "3091"]
[TimeControl "180+1"]
[EndTime "8:35:52 PDT"]
[Termination "Jospem won by resignation"]

1. c4 c5 2. Nc3 Nc6 3. Nf3 g6 4.
g3 Bg7 5. Bg2 d6 6. O-O e6 7. e4 Nge7 8. d3 O-O 9. Be3 Nd4 10.
Qd2 Nec6 11. Ne2 Nxf3+ 12. Bxf3 Qa5 13. Qxa5 Nxa5 14. Rab1 Nc6 15. Bg2 Nb4 16. Nc1 Nc2 17.
Bf4 Rd8 18. Rd1 Nd4 19. Kf1 a6 20. Ne2 Nc6 21. Be3 b5 22. e5 d5 23. Bd4 Nxd4 24.
Nxd4 cxd4 25. cxd5 exd5 26. f4 Bf5 27. Ke2 f6 28.
exf6 Bxf6 29. Rbc1 Re8+ 30. Kf2 Rad8 31. Rc5 Kg7 32.
Rc7+ Re7 33. Rxe7+ Bxe7 34. h3 h5 35. Kf3 Rc8 36.
g4 hxg4+ 37. hxg4 Bd7 38. Rd2 Bd6 39. Re2 Rf8 40. f5 gxf5 41. g5 f4 42. Kf2 f3 0-1

[Event "Early-Titled-Tuesday-Blitz-March-26-2024"]
[Site "Chess.com"]
[Date "2024.03.26"]
[Round "4"]
[White "yaguigor"]
[Black "rezamahdavi2008"]
[Result "0-1"]
[WhiteElo "2584"]
[BlackElo "2849"]
[TimeControl "180+1"]
[EndTime "8:35:56 PDT"]
[Termination "rezamahdavi2008 won by resignation"]

1. e4 c5 2. Nf3 d6 3. d4 cxd4 4.
Nxd4 Nf6 5. Nc3 a6 6. f3 e5 7. Nb3 Be6 8. Be3 Nbd7 9. Qd2 Be7 10. g4 b5 11. g5 b4 12. Ne2 Nh5 13. Ng3 Nf4 14. h4 a5 15. Bxf4 exf4 16. Nf5 Bxf5 17.
exf5 O-O 18. Qxf4 a4 19. Nd4 a3 20. b3 Qc7 21. Bc4 Ne5 22. f6 d5 23. O-O Bc5 24. Rae1 Rfe8 25. Bd3 Qb6 26. Kg2 Bxd4 27. fxg7 Bc3 28.
Re2 Nxd3 29. Rxe8+ Rxe8 30. cxd3 Re2+ 31. Kh3 Qe6+ 0-1

[Event "Early-Titled-Tuesday-Blitz-March-26-2024"]
[Site "Chess.com"]
[Date "2024.03.26"]
[Round "4"]
[White "Savagelittlemole"]
[Black "Resignify"]
[Result "1-0"]
[WhiteElo "2470"]
[BlackElo "2264"]
[TimeControl "180+1"]
[EndTime "8:36:02 PDT"]
[Termination "Savagelittlemole won by checkmate"]

1. d4 Nf6 2. Nf3 g6 3. Nc3 Bg7 4. e4 d6 5. h3 O-O 6. Bd3 Nc6 7. Be3 a6 8. Qd2 b5 9. Bh6 e5 10. d5 Ne7 11. Ne2 Nexd5 12. Bxg7 Kxg7 13. exd5 e4 14. Bxe4 Nxe4 15. Qd4+ Nf6 16. O-O-O Kg8 17. h4 Bg4 18. Rd3 Re8 19. Ng3 h5 20. Ng5 Nh7 21. Nxh7 Kxh7 22. Ne4 Rxe4 23. Qxe4 Bf5 24. Qf4 Bxd3 25.
Qxf7+ Kh6 26. g4 hxg4 27. h5 Qg5+ 28. Kb1 Be4 29. hxg6+ Bxh1 30. Qh7# 1-0

[Event "Early-Titled-Tuesday-Blitz-March-26-2024"]
[Site "Chess.com"]
[Date "2024.03.26"]
[Round "4"]
[White "AquivaRubinstein"]
[Black "Eagle_2019"]
[Result "0-1"]
[WhiteElo "2599"]
[BlackElo "2857"]
[TimeControl "180+1"]
[EndTime "8:36:03 PDT"]
[Termination "Eagle_2019 won by resignation"]

1. d4 d5 2. c4 e6 3. Nc3 Nf6 4. Nf3 c6 5. e3 Nbd7 6. Qc2 Bd6 7. g4 h6 8. Rg1 dxc4 9. Bxc4 b5 10.
Bd3 Bb7 11. h4 b4 12. Na4 c5 13. dxc5 Bxf3 14. cxd6 Rc8 15. Qb3 Nxg4 16. Rg3 Nde5 17. Bb5+ Kf8 18. Qxb4 Kg8 19. Qf4 Qa5+ 20. Nc3 Rxc3 21.
Bd2 Qxb5 22. Rxf3 Nd3+ 23. Kd1 Nxf4 24. Rxf4 Qf1+ 25. Be1 Rd3+ 26. Kc2 Qe2+ 0-1

[Event "Early-Titled-Tuesday-Blitz-March-26-2024"]
[Site "Chess.com"]
[Date "2024.03.26"]
[Round "4"]
[White "Gabrielian_Artur"]
[Black "noblerone"]
[Result "1-0"]
[WhiteElo "2794"]
[BlackElo "2567"]
[TimeControl "180+1"]
[EndTime "8:36:06 PDT"]
[Termination "Gabrielian_Artur won on time"]

1. e4 c5 2. Nf3 e6 3. c3 Nf6 4. e5 Nd5 5. Bc4 d6 6. d4 cxd4 7. cxd4 Be7 8. O-O O-O 9. Qe2 b6 10. Rd1 Bb7 11. Nc3 Nxc3 12. bxc3 Nd7 13. d5 exd5 14. Bxd5 Bxd5 15. Rxd5 Nc5 16. exd6 Bf6 17. Bg5 Bxg5 18. Nxg5 h6 19. Nf3 Qf6 20. Qe5 Qg6 21. d7 Rad8 22. Rad1 Qc2 23. R5d2 Qa4 24. Qe7 Ne6 25.
h3 Qc6 26. Ne5 Qxc3 27. Nxf7 Rxf7 28. Qe8+ 1-0

[Event "Early-Titled-Tuesday-Blitz-March-26-2024"]
[Site "Chess.com"]
[Date "2024.03.26"]
[Round "4"]
[White "JoliyRoger"]
[Black "Aslanov_Umid"]
[Result "0-1"]
[WhiteElo "2414"]
[BlackElo "2621"]
[TimeControl "180+1"]
[EndTime "8:36:06 PDT"]
[Termination "Aslanov_Umid won by resignation"]

1. d4 d5 2. Nf3 Nf6 3. c4 e6 4. Nc3 Be7 5. e3 O-O 6. b3 b6 7. Bb2 Bb7 8. Bd3 c5 9. O-O Nbd7 10. cxd5 exd5 11. Qe2 Re8 12. Rfd1 cxd4 13. Nxd4 Bc5 14. Bf5 Ne5 15. Rac1 Qe7 16. Bh3 Rad8 17. Rc2 Bxd4 18. Rxd4 Nc6 19. Rf4 d4 20. exd4 Qd6 21. Qd2 Qxf4 0-1

[Event "Early-Titled-Tuesday-Blitz-March-26-2024"]
[Site "Chess.com"]
[Date "2024.03.26"]
[Round "4"]
[White "BlueWizzard"]
[Black "andrew-blr"]
[Result "1-0"]
[WhiteElo "2855"]
[BlackElo "2592"]
[TimeControl "180+1"]
[EndTime "8:36:12 PDT"]
[Termination "BlueWizzard won by resignation"]

1. d4 d5 2. Nc3 g6 3. h4 Nf6 4. Bg5 h6 5. Bf4 Bg7 6. Qd2 h5 7. Nf3 c6 8. Ne5 Nbd7 9. f3 Nxe5 10. Bxe5 O-O 11. g4 hxg4 12. h5 Nxh5 13. Rxh5 gxh5 14. Bxg7 Kxg7 15. Qg5+ Kh8 16. Qxh5+ Kg8 17. Qg5+ Kh8 18. e4 f5 19. e5 Rf7 20. O-O-O Qg8 21. Qf4 g3 22.
Bg2 Rh7 23. e6 Qg7 24. Ne2 Bxe6 25. Qe3 Bd7 26. Nf4 Re8 27. a4 Qg5 28. Kb1 Rh4 29. Qe5+ Kg8 30. Nd3 Rh2 31. Rg1 Qf6 32. Qxg3+ Kf7 33.
Ne5+ Ke6 34. Qxh2 Rg8 35. Re1 Be8 36. Ng4+ 1-0

[Event "Early-Titled-Tuesday-Blitz-March-26-2024"]
[Site "Chess.com"]
[Date "2024.03.26"]
[Round "4"]
[White "MalyDominator"]
[Black "Szparu"]
[Result "0-1"]
[WhiteElo "2575"]
[BlackElo "2811"]
[TimeControl "180+1"]
[EndTime "8:36:15 PDT"]
[Termination "Szparu won by resignation"]

1. e4 c5 2. Nf3 a6 3. c4 Nc6 4. d4 cxd4 5. Nxd4 e5 6. Nc2 Bc5 7. Nc3 Nf6 8. Be2 d6 9. O-O O-O 10. a3 Be6 11. b4 Ba7 12. Qd3 Rc8 13. Nd5 Bxd5 14. exd5 e4 15. Qb3 Ne5 16. Bb2 Re8 17. Ne3 Qd7 18. Rfd1 h5 19. Rac1 Nfg4 20. Bxg4 hxg4 21.
Bd4 Bxd4 22. Rxd4 Nd3 23. Rf1 f5 24. Nc2 b5 25. Ne1 Qa7 26. c5 dxc5 27. d6+ c4 28.
Qc3 Nf4 29. Qd2 Qxd4 30. Qxd4 Ne2+ 31. Kh1 Nxd4 32. d7 c3 33. dxe8=Q+ Rxe8 0-1

[Event "Early-Titled-Tuesday-Blitz-March-26-2024"]
[Site "Chess.com"]
[Date "2024.03.26"]
[Round "4"]
[White "Boudicca64"]
[Black "Shodikulov_Jamshid1990"]
[Result "0-1"]
[WhiteElo "1825"]
[BlackElo "2246"]
[TimeControl "180+1"]
[EndTime "8:36:21 PDT"]
[Termination "Shodikulov_Jamshid1990 won on time"]

1. e4 c5 2. g3 d5 3. exd5 Qxd5 4. Nf3 Bg4 5. Bg2 Qe6+ 6. Kf1 Nc6 7. h3 Bh5 8. g4 Bg6 9. Nc3 O-O-O 10. d3 c4 11. d4 Qd7 12. Be3 Nf6 13. Qe2 Kb8 14. Qxc4 Bxc2 15. Rc1 Bg6 16. Bf4+ Ka8 17. Nb5 e5 18. Nxe5 Nxe5 19. Bxe5 a6 20. Nc7+ Ka7 21. d5 Bd6 22. Qd4+ Kb8 23. Nxa6+ bxa6 24. Rc6 Bxe5 25. Qxe5+ Ka8 26.
d6 Be4 27. Rxa6+ Kb7 0-1

[Event "Early-Titled-Tuesday-Blitz-March-26-2024"]
[Site "Chess.com"]
[Date "2024.03.26"]
[Round "4"]
[White "shirovin"]
[Black "hsd2016"]
[Result "0-1"]
[WhiteElo "2051"]
[BlackElo "2311"]
[TimeControl "180+1"]
[EndTime "8:36:22 PDT"]
[Termination "hsd2016 won on time"]

1. d4 d5 2. Nc3 c6 3. e4 dxe4 4. Nxe4 e5 5. Nf3 exd4 6. Qxd4 Qxd4 7. Nxd4 Be7 8. Bc4 Nf6 9. Ng5 Nd5 10. Ngf3 O-O 11. c3 Nd7 12. Bd2 N7f6 13. O-O-O Bd6 14. h3 Bd7 15. Rhe1 Rfe8 16. Bb3 Rad8 17. Bg5 Bf4+ 18. Bxf4 Nxf4 19. Ng5 N6d5 20. g3 Rxe1 21. Rxe1 Nd3+ 22. Kd2 Nxe1 23. Kxe1 Re8+ 24. Kd2 h6 25. Ngf3 Bxh3 26. Bc2 Bg4 27. Nh4 g6 28. Ng2 c5 29. Nb5 Re2+ 30. Kd3 Rxf2 31. Nh4 c4+ 32. Kd4 Rxc2 33. Kxd5 Rxb2 34. Kxc4 Be2+ 0-1

[Event "Early-Titled-Tuesday-Blitz-March-26-2024"]
[Site "Chess.com"]
[Date "2024.03.26"]
[Round "4"]
[White "xasid81"]
[Black "yonaltimur"]
[Result "1-0"]
[WhiteElo "2586"]
[BlackElo "2400"]
[TimeControl "180+1"]
[EndTime "8:36:23 PDT"]
[Termination "xasid81 won by resignation"]

1. e4 c5 2. Nf3 d6 3. a4 Nf6 4. Nc3 g6 5. Bc4 Bg7 6. h3 O-O 7. O-O e6 8. d3 d5 9. Ba2 Nc6 10.
exd5 exd5 11. Bg5 Be6 12. Re1 h6 13. Bh4 g5 14. Bg3 Qd7 15. Ne5 Nxe5 16. Bxe5 Rfe8 17.
Qf3 d4 18. Bxf6 dxc3 19. Bxg7 Kxg7 20. Bxe6 Rxe6 21. Rxe6 cxb2 22. Qf6+ Kg8 23. Rb1 Qxe6 24. Qxe6 fxe6 25. Rxb2 b6 26. Kf1 Kf7 27. Ke2 Rd8 28.
a5 Rd6 29. Ke3 Kf6 30. g3 Ke5 31. axb6 axb6 32. Rb5 Kd5 33. Rb1 Kc6 34. Ra1 b5 35.
Ra6+ Kd5 36. c4+ bxc4 37. dxc4+ Ke5 38. f4+ gxf4+ 39. gxf4+ 1-0

[Event "Early-Titled-Tuesday-Blitz-March-26-2024"]
[Site "Chess.com"]
[Date "2024.03.26"]
[Round "4"]
[White "UK_23"]
[Black "Revan_2002"]
[Result "0-1"]
[WhiteElo "2405"]
[BlackElo "2588"]
[TimeControl "180+1"]
[EndTime "8:36:28 PDT"]
[Termination "Revan_2002 won by checkmate"]

1. e4 e5 2. Nf3 Nc6 3. d4 exd4 4.
Nxd4 Bc5 5. Nb3 Bb6 6. Qe2 Nf6 7. Nc3 O-O 8. Be3 d6 9. O-O-O Re8 10. Bxb6 axb6 11.
f3 Be6 12. Kb1 Ne5 13. g4 Bc4 14. Qf2 Bxf1 15. Rhxf1 Qd7 16. g5 Nh5 17. f4 Nc4 18. Qh4 g6 19. Rf3 c6 20. e5 b5 21. Ne4 Qf5 22. Nxd6 Nxd6 23. Rxd6 Rxe5 24. Nd4 Qe4 25. fxe5 Qxh4 26. e6 Qe1# 0-1

[Event "Early-Titled-Tuesday-Blitz-March-26-2024"]
[Site "Chess.com"]
[Date "2024.03.26"]
[Round "4"]
[White "stollenmonster"]
[Black "deribas12345"]
[Result "1-0"]
[WhiteElo "2903"]
[BlackElo "2613"]
[TimeControl "180+1"]
[EndTime "8:36:29 PDT"]
[Termination "stollenmonster won by resignation"]

1. e4 e6 2. Nc3 d5 3. g3 d4 4.
Nce2 c5 5. d3 Nc6 6. Bg2 e5 7.
f4 f6 8. h3 Bd6 9. Nf3 exf4 10. Nxf4 Nge7 11. O-O Qc7 12. Nh5 O-O 13. Nh4 Ne5 14.
Nf5 Nxf5 15. exf5 Kh8 16. Be4 Nf7 17. Qg4 Ne5 18. Qh4 Nf7 19. Nf4 Bxf4 20. Bxf4 Ne5 21. Rae1 Bd7 22. Bxe5 fxe5 23. f6 g6 24. Bxg6 1-0

[Event "Early-Titled-Tuesday-Blitz-March-26-2024"]
[Site "Chess.com"]
[Date "2024.03.26"]
[Round "4"]
[White "ChessSwole"]
[Black "Vision_64"]
[Result "1-0"]
[WhiteElo "2689"]
[BlackElo "2242"]
[TimeControl "180+1"]
[EndTime "8:36:29 PDT"]
[Termination "ChessSwole won by resignation"]

1. e4 e6 2. d4 d5 3. Bd3 Nc6 4. c3 e5 5. Nf3 exd4 6. cxd4 dxe4 7. Bxe4 Bb4+ 8. Nc3 Nge7 9. O-O O-O 10. a3 Bxc3 11. bxc3 Be6 12. Rb1 Rb8 13. Bf4 Bc4 14. Re1 Nd5 15. Bd2 h6 16. Qc1 Nf6 17. Bc2 Qd5 18. Bxh6 Qh5 19. Bf4 Bd5 20. Ne5 Nxe5 21. Rxe5 Qg4 22.
Rg5 Qe2 23. Be5 Ne4 24. Rxg7+ 1-0

[Event "Early-Titled-Tuesday-Blitz-March-26-2024"]
[Site "Chess.com"]
[Date "2024.03.26"]
[Round "4"]
[White "ritanovikova"]
[Black "McCarthyStone"]
[Result "0-1"]
[WhiteElo "2107"]
[BlackElo "2380"]
[TimeControl "180+1"]
[EndTime "8:36:29 PDT"]
[Termination "McCarthyStone won by resignation"]

1. e4 e5 2. Nf3 d6 3. d4 exd4 4. Nxd4 Nf6 5. Nc3 g6 6. Bg5 Bg7 7. Nd5 h6 8. Nxf6+ Bxf6 9. Bxf6 Qxf6 10. c3 Nc6 11. Bb5 Bd7 12. Nxc6 bxc6 13. Bc4 O-O 14. O-O Rfe8 15. Re1 Rab8 16. Qd2 c5 17. b3 Kg7 18. f4 Bc6 19. Bd3 Re7 20. Re2 Rbe8 21. Rae1 a5 22. g3 a4 23. Qc2 axb3 24. axb3 Qe6 25.
Rf2 f5 26. e5 Qd5 27. Kf1 dxe5 28. Rxe5 Qh1+ 29. Ke2 Rxe5+ 30. fxe5 Rxe5+ 0-1

[Event "Early-Titled-Tuesday-Blitz-March-26-2024"]
[Site "Chess.com"]
[Date "2024.03.26"]
[Round "4"]
[White "wonderfultime"]
[Black "NikitaShnadrygin"]
[Result "1-0"]
[WhiteElo "2996"]
[BlackElo "2648"]
[TimeControl "180+1"]
[EndTime "8:36:30 PDT"]
[Termination "wonderfultime won by resignation"]

1. d4 d5 2. Nf3 Nc6 3. Bf4 Bg4 4. Nbd2 e6 5. c3 Bd6 6. Bg3 Nge7 7. Qb3 Rb8 8. e3 O-O 9. Bd3 Bf5 10. Bxf5 Nxf5 11. e4 dxe4 12. Nxe4 b5 13. O-O Nxg3 14. hxg3 Qd7 15. Rad1 Na5 16. Qc2 h6 17. g4 Qc6 18. g5 h5 19. Rfe1 Rbe8 20. g6 f6 21. Qe2 Qc4 22. Rd3 Qxa2 23. Ne5 fxe5 24. dxe5 Rf5 25. exd6 1-0

[Event "Early-Titled-Tuesday-Blitz-March-26-2024"]
[Site "Chess.com"]
[Date "2024.03.26"]
[Round "4"]
[White "Binary010"]
[Black "Firouzja2003"]
[Result "0-1"]
[WhiteElo "2795"]
[BlackElo "3078"]
[TimeControl "180+1"]
[EndTime "8:36:32 PDT"]
[Termination "Firouzja2003 won by resignation"]

1. e4 c5 2. Nf3 d6 3. d4 cxd4 4. Nxd4 Nf6 5. Nc3 a6 6. Rg1 h5 7.
Be3 g6 8. f3 Bg7 9. Qd2 b5 10.
a4 b4 11. Nd5 Nxd5 12. exd5 Bb7 13. Bc4 Qa5 14. Nb3 Qc7 15. Qxb4 Bxb2 16. Bb6 Qc8 17. Rd1 Bf6 18. Na5 Nd7 19. Bd4 Bxd4 20. Rxd4 Rb8 21. Qa3 O-O 22. Kd2 Ba8 23. Rd3 Qc7 24.
Qc3 Ne5 25. Rd4 Rfc8 26. f4 Ng4 27. h3 Nf6 28. Rd3 Ne4+ 0-1